 Dungeon Crawl Stone Soup version 0.29-a0-314-gb00dd7cb4b (webtiles) character file.

Game seed: 13078782465359040956

9 HotDog the Covered (level 2, -9/19 HPs)
             Began as a Gargoyle Fighter on Mar 29, 2022.
             Engulfed by a cloud of flame (16 damage)
             ... on level 1 of the Dungeon.
             The game lasted 00:00:36 (608 turns).

HotDog the Covered (Gargoyle Fighter)                Turns: 608, Time: 00:00:38

Health: -9/19      AC: 13    Str: 19    XL:     2   Next: 12%
Magic:  2/2        EV:  9    Int:  8    God:
Gold:   32         SH:  4    Dex:  9    Spells: 1/1 levels left

rFire   . . .      SeeInvis .   a - +0 flail
rCold   . . .      Faith    .   c - +0 buckler
rNeg    + . .      Spirit   .   b - +0 scale mail
rPois   ∞          Reflect  .   (no helmet)
rElec   +          Harm     .   (no cloak)
rCorr   .          Rampage  .   (no gloves)
Will    .....                   (no boots)
Stlth   ..........              (no amulet)
HPRegen 0.06/turn               j - +4 ring of protection
MPRegen 0.08/turn               (no ring)

@: weak-willed
A: sickness immunity, AC +2, negative energy resistance 1, electricity
resistance, torment resistance 1, petrification resistance
a: no special abilities


You were on level 1 of the Dungeon.
You visited 1 branch of the dungeon, and saw 1 of its levels.

You collected 32 gold pieces.

Inventory:

Hand Weapons
 a - a +0 flail (weapon)
Armour
 b - a +0 scale mail (worn)
 c - a +0 buckler (worn)
Jewellery
 j - a +4 ring of protection (left hand)
Potions
 d - 4 potions of might
 g - a potion of curing {unknown}
 h - 2 potions of flight {unknown}
 i - a potion of invisibility {unknown}
 k - a potion of heal wounds {unknown}


   Skills:
 * Level 3.4 Fighting
 * Level 2.1 Maces & Flails
 * Level 3.5 Armour
 * Level 0.1 Dodging
 * Level 3.4 Shields
 * Level 0.1 Invocations


You had one spell level left.
You didn't know any spells.
Your spell library contained the following spells:

 Spells                   Type           Power      Damage    Failure   Level
 Ensorcelled Hibernation  Hex/Ice        0%         N/A       94%         2
 Spider Form              Tmut/Pois      0%         N/A       99%         3
 Anguish                  Hex/Necr       0%         N/A       100%        4


Dungeon Overview and Level Annotations

Branches:
Dungeon (1/15)

Altars:

Shops:
D:1 (


Innate Abilities, Weirdness & Mutations

You are immune to sickness and miasma.
Your stone body is resilient. (AC +2)
You are immune to poison.
You resist negative energy. (rN+)
You are resistant to electric shocks. (rElec)
You are resistant to unholy torment.
You are immune to petrification.


Message History

There is a stone staircase leading down here.
k - a viscous green potion A rat comes into view.
j - a +4 ring of protection (left hand)
The rat bites you but does no damage.
You barely miss the rat. The rat barely misses you.
You closely miss the rat. You block the rat's attack.
You barely miss the rat. The rat bites you but does no damage.
You block the rat's attack.
You hit the rat but do no damage. You block the rat's attack.
You barely miss the rat. You block the rat's attack.
You hit the rat but do no damage. The rat bites you but does no damage.
The rat bites you.
You hit the rat.
You kill the rat!
No target in view!
No target in view!
No target in view!
No target in view!
No target in view!
You see here a rat corpse.
Found a mace.
A rat comes into view.
You see here a +0 mace.
A rat is nearby!
A rat is nearby!
As you read the scroll labelled EXKOKH WUCZUCH, it crumbles to dust.
Magic quickly surges around you.
It was a scroll of vulnerability.
The rat barely misses you.
As you read the scroll labelled DOAMUTW VUXARE, it crumbles to dust.
The creatures around you are filled with an inner flame!
It was a scroll of immolation.
The rat closely misses you.
You closely miss the rat. You block the rat's attack.
You hit the rat.
The rat explodes!
The fiery explosion engulfs you!
Ouch! That really hurt!
You are engulfed in blazing flames.
Ouch! That really hurt!
You die...

######### . #.......#
.########.#####.#
#....†....# #)###.#
##.#####..# #.@§§.#
#..# #.############
...# #.#....## ##.#
#.#.##..##
##.#####.#..##..##
##......##.......##
......###..##.#...##
#####.##...#..##...##
.....##..#.#..###...##


There were no monsters in sight!

Vanquished Creatures
  A goblin (D:1)
  A hobgoblin (D:1)
  2 quokkas (D:1)
  3 frilled lizards (D:1)
  3 rats (D:1)
10 creatures vanquished.

Notes
Turn   | Place    | Note
-------+----------+-------------------------------------------
     0 | D:1      | HotDog the Gargoyle Fighter began the quest for the Orb.
     0 | D:1      | Reached XP level 1. HP: 14/14 MP: 1/1
   232 | D:1      | Found Asal Pio's Antique Weapon Shoppe.
   345 | D:1      | Reached XP level 2. HP: 19/19 MP: 2/2
   608 | D:1      | Engulfed by a cloud of flame

Illustrated notes

Levels and vault maps discovered:
D:1:      dpeg_chamrin_arrival_tetris, layout_loops_ring, serial_shops,
          nicolae_square_shop

Action                   || total
-------------------------++-------
Melee: Flail             ||    37
  Use: Scroll            ||     2
Armor: Scale mail        ||    16
Dodge: Dodged            ||    18
Block: Buckler           ||    10

Table legend: (Time is in decaauts)
 A = Elapsed time spent in this place.
 B = Non-inter-level travel time spent in this place.
 C = Inter-level travel time spent in this place.
 D = Time resting spent in this place.
 E = Time spent auto-exploring this place.
 F = Levels seen in this place.
 G = Mean time per level.
                   A        B        C        D        E       F      G
               +--------+--------+--------+--------+--------+-----+--------+
         Total |    619 |    619 |      0 |      0 |    523 |   1 |  619.0 |
       Dungeon |    619 |    619 |      0 |      0 |    523 |   1 |  619.0 |
               +--------+--------+--------+--------+--------+-----+--------+

Top non-repeatable levels by time:
     D:1: 619 daAuts
